 Dungeon Crawl Stone Soup version 0.25.1-9-gc5326a611f (webtiles) character file.

Game seed: 17476362426098845838

1026 eliilek the Purveyor of Pain (level 8, -1/52 HPs)
             Began as a Demonspawn Necromancer on Dec 26, 2020.
             Was an Initiate of Kikubaaqudgha.
             Killed from afar by Harold (15 damage)
             ... with a harpoon shot
             ... on level 7 of the Dungeon.
             The game lasted 00:34:25 (8201 turns).

eliilek the Purveyor of Pain (DsNe)                 Turns: 8201, Time: 00:34:26

Health: -1/52      AC: 17    Str: 10      XL:     8   Next: 2%
Magic:  0/14       EV: 13    Int: 18      God:    Kikubaaqudgha [......]
Gold:   351        SH:  0    Dex: 12 (13) Spells: 7/16 levels left

rFire    . . .     SeeInvis +   a - +2 dagger (venom)
rCold    + . .     Gourm    .   (no shield)
rNeg     . . .     Faith    .   h - +0 robe
rPois    .         Spirit   +   g - +0 helmet
rElec    .         Reflect  .   q - +0 cloak {MR+}
rCorr    .         Harm     .   y - +0 pair of gloves
MR       +....                  (no boots)
Stlth    ++........             f - amulet of magic regeneration
HPRegen  0.17/turn              d - ring of protection from cold
MPRegen  0.39/turn              C - ring of see invisible

@: marked, sanguine armour
A: magic shield, rot immunity, sanguine armour 3
a: Renounce Religion


You were on level 7 of the Dungeon.
You worshipped Kikubaaqudgha.
Kikubaaqudgha was noncommittal.
You were not hungry.

You visited 1 branch of the dungeon, and saw 7 of its levels.

You collected 351 gold pieces.

Inventory:

Hand Weapons
 a - a +2 dagger of venom (weapon)
Missiles
 i - 17 boomerangs (quivered)
 j - 3 silver boomerangs
 x - 14 poisoned darts
 B - 7 curare-tipped darts
Armour
 g - a +0 helmet (worn)
 h - a +0 robe (worn)
 q - a +0 cloak of magic resistance (worn)
 y - a +0 pair of gloves (worn)
Jewellery
 d - a ring of protection from cold (left hand)
 f - an amulet of magic regeneration (around neck)
 C - a ring of see invisible (right hand)
Wands
 p - a wand of polymorph (9)
 w - a wand of acid (9)
Scrolls
 b - 3 scrolls of fear
 e - 3 scrolls of enchant weapon
 k - 4 scrolls of remove curse
 n - a scroll of identify
 o - a scroll of noise {unknown}
 s - a scroll of enchant armour {unknown}
 t - a scroll of magic mapping
 v - 2 scrolls of teleportation {unknown}
Potions
 l - a potion of flight {unknown}
 m - a potion of cancellation
 r - a potion of heal wounds {unknown}
 u - 2 potions of invisibility
 z - 2 potions of resistance {unknown}
 A - a potion of mutation {unknown}
 D - a potion of curing {unknown}
Comestibles
 c - 10 rations


   Skills:
 + Level 3.0 Short Blades
 - Level 3.1 Dodging
 - Level 1.7 Stealth
 + Level 4.6 Spellcasting
 * Level 8.5 Necromancy


You had 7 spell levels left.
You knew the following spells:

 Your Spells              Type           Power        Failure   Level  Hunger
a - Pain                  Necr           ####         1%          1    None
b - Animate Skeleton      Necr           N/A          1%          1    None
c - Vampiric Draining     Necr           ####......   1%          3    ###....
d - Animate Dead          Necr           N/A          4%          4    ####...

Your spell library contained the following spells:

 Spells                   Type           Power        Failure   Level  Hunger
 Agony                    Necr           ####....     12%         5    ######.
 Shock                    Conj/Air       #...         14%         1    None
 Swiftness                Chrm/Air       #.......     22%         2    #......
 Static Discharge         Conj/Air       #.......     38%         3    ###....
 Airstrike                Air            #.........   80%         4    ####...
 Lightning Bolt           Conj/Air       #.........   98%         5    ######.


Dungeon Overview and Level Annotations

Branches:
Dungeon (7/15)             Temple (0/1) D:7

Altars:
Dithmenos
Hepliaklqana
Kikubaaqudgha
Nemelex Xobeh
Ru
Trog
Wu Jian

Annotations:
D:7 Harold


Innate Abilities, Weirdness & Mutations

When hurt, damage is shared between your health and your magic reserves.
You are immune to rotting.
When seriously injured, your bleeding wounds create very thick armour. (AC +12)


Message History

Harold says, "My wife will appreciate not having to wash blood out of my clothes anymore."
You struggle against the net.
You struggle against the net.
Harold says, "Do you have any idea what people are willing to pay to have you killed, eliilek?"
Harold barely misses you.
You shred the net and break free!
Harold says, "Try to look on the bright side.
Your death will help put my children through school."
Harold throws a throwing net.
The throwing net hits you.
You become entangled in the net!
You see here a throwing net.
You struggle against the net.
You struggle against the net.
Harold hits you with a +0 war axe!
You struggle against the net.
Harold barely misses you.
You rip the net and break free!
Harold hits you with a +0 war axe.
* * * LOW HITPOINT WARNING * * *
Harold fires a harpoon shot at you.
You hear a bark!
The harpoon shot hits you!!
You die...
Kikubaaqudgha rasps: "You have failed me!
Welcome... death!"

######.....#.....#..........
#..........#.....#..........
#..........###'#####...##...
#..................######...
#..................#...#####
#..................'...#....
#..................# #....
#..................#####....
##.♣.♣......@.@..............
#...>..##'##.(...............
#..♣.♣.....#########.........
#..................#.........
#......#........<..#.........
##.....#...........#.........
#.....#...##......#.........
#.....#...##......####'#....
#.....#................#....


You could see Harold (invisible).

Vanquished Creatures
  A sky beast (D:2)
  2 ogres
  3 scorpions
  A howler monkey (D:3)
  2 crimson imps
  A quasit (D:6)
  2 orc priests (D:4)
  2 hounds
  A gnoll shaman (D:5)
  An iguana (D:4)
  An orc wizard (D:4)
  2 worker ants (D:4)
  A howler monkey zombie (D:7)
  3 gnolls (D:5)
  7 adders (D:2)
  A shadow imp (D:5)
  An ooze (D:2)
  An adder skeleton (D:4)
  An adder zombie (D:6)
  2 worms (D:2)
  A dart slug (D:2)
  5 leopard geckos
  23 orcs
  3 ball pythons
  3 giant cockroaches
  4 goblins
  9 hobgoblins
  10 jackals
  3 kobolds
  3 quokkas
  8 frilled lizards
  A giant cockroach zombie (D:6)
  A quokka zombie (D:6)
  3 rats
113 creatures vanquished.

Vanquished Creatures (collateral kills)
  A dart slug (D:2)
  2 giant cockroaches (D:2)
  A frilled lizard (D:1)
  2 kobolds
  2 rats
8 creatures vanquished.

Grand Total: 121 creatures vanquished

Notes
Turn   | Place    | Note
-------+----------+-------------------------------------------
     0 | D:1      | eliilek the Demonspawn Necromancer began the quest for the
                  | Orb.
     0 | D:1      | Reached XP level 1. HP: 13/13 MP: 3/3
    48 | D:1      | Learned a level 1 spell: Animate Skeleton
   703 | D:1      | Gained mutation: When seriously injured, your bleeding
                  | wounds create armour. (AC +12) [demonic ancestry]
   703 | D:1      | Reached XP level 2. HP: 18/19 MP: 1/5
  1658 | D:2      | Reached skill level 5 in Necromancy
  1658 | D:2      | Reached XP level 3. HP: 6/24 MP: 0/6
  1904 | D:2      | Noticed a sky beast
  1943 | D:2      | Killed a sky beast
  1943 | D:2      | Reached XP level 4. HP: 24/30 MP: 3/8
  2019 | D:2      | Gained mutation: You are immune to rotting. [demonic
                  | ancestry]
  2019 | D:2      | Reached XP level 5. HP: 34/35 MP: 6/9
  2223 | D:2      | Reached skill level 6 in Necromancy
  2358 | D:2      | Learned a level 3 spell: Vampiric Draining
  2846 | D:2      | Found a bloodstained altar of Trog.
  3615 | D:3      | Gained mutation: When seriously injured, your bleeding
                  | wounds create thick armour. (AC +12) [demonic ancestry]
  3615 | D:3      | Reached XP level 6. HP: 35/41 MP: 4/10
  3762 | D:3      | Noticed a shadow
  3763 | D:3      | Found a shadowy altar of Dithmenos.
  3764 | D:3      | Found a hazy altar of Hepliaklqana.
  4313 | D:4      | Reached skill level 1 in Short Blades
  4535 | D:4      | Reached skill level 7 in Necromancy
  4779 | D:4      | Gained mutation: When hurt, damage is shared between your
                  | health and your magic reserves. [demonic ancestry]
  4779 | D:4      | Reached XP level 7. HP: 7/46 MP: 1/12
  4807 | D:4      | HP: 2/46 [poisoned by a worker ant]
  5941 | D:5      | Entered Level 5 of the Dungeon
  6153 | D:5      | Got an iridescent spear
  6153 | D:5      | Identified the +8 spear of the Scroll {antimagic, rF- rN+++
                  | Int+7 Dex-5} (You found it on level 5 of the Dungeon)
  6655 | D:5      | Found an ornate altar of the Wu Jian Council.
  6661 | D:5      | Learned a level 4 spell: Animate Dead
  6819 | D:6      | Reached skill level 8 in Necromancy
  7104 | D:6      | Found a sacrificial altar of Ru.
  7105 | D:6      | Found a sparkling altar of Nemelex Xobeh.
  7107 | D:6      | Found a bloodstained altar of Trog.
  7107 | D:6      | Found an ancient bone altar of Kikubaaqudgha.
  7117 | D:6      | Became a worshipper of Kikubaaqudgha
  7393 | D:6      | Found a bloodstained altar of Trog.
  7822 | D:7      | Gained mutation: When seriously injured, your bleeding
                  | wounds create very thick armour. (AC +12) [demonic
                  | ancestry]
  7822 | D:7      | Reached XP level 8. HP: 23/52 MP: 10/14
  8091 | D:7      | Found a staircase to the Ecumenical Temple.
  8173 | D:7      | Noticed Harold
  8201 | D:7      | Killed from afar by Harold

Illustrated notes

Levels and vault maps discovered:
D:1:      dpeg_arrival_tiny_g, layout_loops_corners, hangedman_decor_growths,
          lemuel_flame_loot_1
D:2:      layout_loops_ring, first_ration, trog_butcher_becter
D:3:      layout_loops_ring, riverfiend_overflow_shadow_ancestor
D:4:      layout_cave_pods
D:5:      layout_rooms, lemuel_coloured_pillars_altar
D:6:      layout_basic, chequers_temple_overflow_statue_of_worship, trog_book
D:7:      layout_gridville, minmay_temple_entry_trees, serial_shops,
          nicolae_shop_crystal, uniq_harold

Skill      XL: |  1  2  3  4  5  6  7 |
---------------+----------------------+-----
Dodging        | 2 3 |  3.1
Necromancy     | 5 6 7 8 |  8.5
Spellcasting   | 3 4 |  4.6
Short Blades   | 1 3 |  3.0
Stealth        | |  1.7

Action                   |  1- 3 |  4- 6 |  7- 9 || total
-------------------------+-------+-------+-------++-------
Melee: Club              |    18 |       |       ||    18
       Dagger            |    38 |    56 |    78 ||   172
Throw: Boomerang         |       |     3 |    22 ||    25
 Cast: Pain              |    40 |   109 |    82 ||   231
       Animate Skeleton  |     4 |    12 |    12 ||    28
       Vampiric Draining |       |     4 |     1 ||     5
  Use: Scroll            |     1 |     5 |     2 ||     8
       Potion            |       |     1 |       ||     1
 Stab: Sleeping          |       |     1 |       ||     1
  Eat: Chunk             |     2 |     7 |     8 ||    17
       Ration            |       |     1 |     1 ||     2
Armor: Robe              |    17 |    16 |    37 ||    70
Dodge: Dodged            |    52 |    64 |    64 ||   180
